| TOP OF THE 1ST |
|
St. Louis Cardinals batting - Pitching for Pittsburgh Pirates : LHP John Tudor
|
|
Pitching: LHP John Tudor
|
|
|
Batting: SHB Otis Nixon
|
0-0: Called Strike 0-1: Ground out 6-3 (Groundball, 6MD, EV 100.0 MPH)
|
|
Batting: LHB Jim Gantner
|
0-0: Bunted foul 0-1: Fly out, F7 (Flyball, 7LM, EV 77.5 MPH)
|
|
Batting: RHB Sixto Lezcano
|
0-0: Foul Ball, location: 2F 0-1: Ground out 1-3 (Groundball, 13, EV 69.4 MPH)
|
| Top of the 1st over - 0 runs, 0 hits, 0 errors, 0 left on base; St. Louis 0 - Pittsburgh 0 |
| BOTTOM OF THE 1ST |
|
Pittsburgh Pirates batting - Pitching for St. Louis Cardinals : LHP Steve Carlton
|
|
Pitching: LHP Steve Carlton
|
|
|
Batting: RHB Dan Gladden
|
0-0: Bunted foul 0-1: Ball 1-1: Ground out 3-1 (Groundball, 34, EV 87.5 MPH)
|
|
Batting: LHB Terry Whitfield
|
0-0: Foul Ball, location: 2F 0-1: Ball 1-1: Foul Ball, location: 2F 1-2: Ground out 6-3 (Groundball, 6S, EV 80.6 MPH)
|
|
Batting: RHB Rennie Stennett
|
0-0: Called Strike 0-1: Ball 1-1: Ball 2-1: Called Strike 2-2: Ball 3-2: Base on Balls
|
|
Batting: LHB Greg Walker
|
0-0: Ball 1-0: Ball Wild Pitch! Rennie Stennett to second 2-0: Swinging Strike 2-1: Ground out U3 (Groundball, 3, EV 106.3 MPH)
|
| Bottom of the 1st over - 0 runs, 0 hits, 0 errors, 1 left on base; St. Louis 0 - Pittsburgh 0 |
| TOP OF THE 2ND |
|
St. Louis Cardinals batting - Pitching for Pittsburgh Pirates : LHP John Tudor
|
|
Batting: RHB Bob Watson
|
0-0: Foul Ball, location: 2F 0-1: Fly out, F7 (Flyball, 78D, EV 102.5 MPH)
|
|
Batting: RHB Joe Torre
|
0-0: Called Strike 0-1: Ball 1-1: Foul Ball, location: 2F 1-2: Ball 2-2: Strikes out swinging
|
|
Batting: SHB Billy E Smith
|
0-0: Called Strike 0-1: Fly out, F7 (Flyball, 7LS, EV 92.5 MPH)
|
| Top of the 2nd over - 0 runs, 0 hits, 0 errors, 0 left on base; St. Louis 0 - Pittsburgh 0 |
| BOTTOM OF THE 2ND |
|
Pittsburgh Pirates batting - Pitching for St. Louis Cardinals : LHP Steve Carlton
|
|
Batting: SHB Chili Davis
|
0-0: Ball 1-0: Ball 2-0: Ball 3-0: Base on Balls
|
|
Batting: RHB Mike C Brown
|
0-0: Called Strike 0-1: Swinging Strike 0-2: Ball 1-2: Strikes out swinging
|
|
Batting: RHB William Max
|
0-0: Called Strike 0-1: Ball 1-1: Called Strike 1-2: Ball 2-2: Strikes out swinging Chili Davis steals 2nd base (no throw) Batter strikes out.
|
|
Batting: SHB Ron Oester
|
0-0: Ball 1-0: Ground out 5-3 (Groundball, 56S, EV 88.8 MPH)
|
| Bottom of the 2nd over - 0 runs, 0 hits, 0 errors, 1 left on base; St. Louis 0 - Pittsburgh 0 |
| TOP OF THE 3RD |
|
St. Louis Cardinals batting - Pitching for Pittsburgh Pirates : LHP John Tudor
|
|
Batting: RHB Pascual D'Annunzio
|
0-0: Called Strike 0-1: Ball 1-1: Ball 2-1: Called Strike 2-2: Ball 3-2: Foul Ball, location: 2F 3-2: Base on Balls
|
|
Batting: LHB Jim Adduci
|
0-0: Ball 1-0: Swinging Strike 1-1: Called Strike Pascual D'Annunzio steals 2nd base 1-2: Strikes out swinging
|
|
Batting: LHB Steve Carlton
|
0-0: Foul Ball, location: 2F 0-1: Called Strike 0-2: Foul Ball, location: 2F 0-2: Ball 1-2: Ball 2-2: Strikes out swinging
|
|
Batting: SHB Otis Nixon
|
0-0: Swinging Strike 0-1: Foul Ball, location: 2F 0-2: Ground out 4-3 (Groundball, 4, EV 86.3 MPH)
|
| Top of the 3rd over - 0 runs, 0 hits, 0 errors, 1 left on base; St. Louis 0 - Pittsburgh 0 |
| BOTTOM OF THE 3RD |
|
Pittsburgh Pirates batting - Pitching for St. Louis Cardinals : LHP Steve Carlton
|
|
Batting: LHB John Tudor
|
0-0: Ball 1-0: Ball 2-0: Swinging Strike 2-1: Ball 3-1: Called Strike 3-2: Foul Ball, location: 2F 3-2: Foul Ball, location: 2F 3-2: Strikes out swinging
|
|
Batting: RHB Dan Gladden
|
0-0: Ball 1-0: Ball 2-0: Ball 3-0: Base on Balls
|
|
Batting: LHB Terry Whitfield
|
0-0: Ball Dan Gladden is caught stealing 2nd base 2-6 1-0: Ball 2-0: Called Strike 2-1: Ball 3-1: Base on Balls
|
|
Batting: RHB Rennie Stennett
|
0-0: Ball 1-0: Called Strike 1-1: TRIPLE (Flyball, 89XD, EV 100.6 MPH) Terry Whitfield scores
|
|
Batting: LHB Greg Walker
|
0-0: Called Strike 0-1: Ball 1-1: Foul Ball, location: 2F 1-2: Foul Ball, location: 2F 1-2: SINGLE (Groundball, 5D, EV 104.4 MPH) Rennie Stennett scores
|
|
Batting: SHB Chili Davis
|
0-0: Called Strike 0-1: Ground out U3 (Groundball, 13, EV 80.6 MPH)
|
| Bottom of the 3rd over - 2 runs, 2 hits, 0 errors, 1 left on base; St. Louis 0 - Pittsburgh 2 |
| TOP OF THE 4TH |
|
St. Louis Cardinals batting - Pitching for Pittsburgh Pirates : LHP John Tudor
|
|
Batting: LHB Jim Gantner
|
0-0: Called Strike 0-1: Swinging Strike 0-2: Foul Ball, location: 2F 0-2: Fly out, F8 (Flyball, 8RD, EV 107.5 MPH)
|
|
Batting: RHB Sixto Lezcano
|
0-0: Ball 1-0: Swinging Strike 1-1: Fly out, F8 (Flyball, 8RXD, EV 99.4 MPH)
|
|
Batting: RHB Bob Watson
|
0-0: Ball 1-0: Ball 2-0: Ball 3-0: Base on Balls
|
|
Batting: RHB Joe Torre
|
0-0: Called Strike 0-1: Called Strike 0-2: Ground out 5-3 (Groundball, 56S, EV 74.4 MPH)
|
| Top of the 4th over - 0 runs, 0 hits, 0 errors, 1 left on base; St. Louis 0 - Pittsburgh 2 |
| BOTTOM OF THE 4TH |
|
Pittsburgh Pirates batting - Pitching for St. Louis Cardinals : LHP Steve Carlton
|
|
Batting: RHB Mike C Brown
|
0-0: Swinging Strike 0-1: Ball 1-1: Swinging Strike 1-2: Ball 2-2: Fly out, F8 (Flyball, 8LM, EV 87.5 MPH)
|
|
Batting: RHB William Max
|
0-0: Fly out, F9 (Line Drive, 9, EV 98.1 MPH)
|
|
Batting: SHB Ron Oester
|
0-0: Reached on error, E4 (Groundball, 4, EV 103.8 MPH)
|
|
Pinch Hitting: SHB John Shelby
|
0-0: Foul Ball, location: 2F 0-1: Ball 1-1: DOUBLE (Groundball, 3L, EV 103.8 MPH) Ron Oester to third Runner from 3rd tries for Home, SAFE, throw by RF to trailing runner, SAFE at third!
|
|
Batting: RHB Dan Gladden
|
0-0: Ball 1-0: Swinging Strike 1-1: Foul Ball, location: 2F 1-2: Ground out 6-3 (Groundball, 6M, EV 83.8 MPH)
|
| Bottom of the 4th over - 1 run, 1 hit, 1 error, 1 left on base; St. Louis 0 - Pittsburgh 3 |
| TOP OF THE 5TH |
|
St. Louis Cardinals batting - Pitching for Pittsburgh Pirates : LHP John Tudor
|
|
Pitching: RHP Brian Kingman
|
|
|
Batting: SHB Billy E Smith
|
0-0: Ball 1-0: Swinging Strike 1-1: Foul Ball, location: 2F 1-2: SINGLE (Line Drive, 34D, EV 101.3 MPH)
|
|
Batting: RHB Pascual D'Annunzio
|
0-0: Called Strike 0-1: Ball Billy E Smith steals 2nd base 1-1: Ground out 6-3 (Groundball, 6, EV 83.8 MPH) Billy E Smith to third
|
|
Batting: LHB Jim Adduci
|
0-0: Ball 1-0: Ground out 4-3 (Groundball, 34D, EV 103.1 MPH) Billy E Smith scores
|
|
Pinch Hitting: LHB Mike Davis
|
0-0: Called Strike 0-1: Ball 1-1: Ground out 4-3 (Groundball, 4, EV 91.3 MPH)
|
| Top of the 5th over - 1 run, 1 hit, 0 errors, 0 left on base; St. Louis 1 - Pittsburgh 3 |
| BOTTOM OF THE 5TH |
|
Pittsburgh Pirates batting - Pitching for St. Louis Cardinals : LHP Steve Carlton
|
|
Pitching: RHP Tom D Brown
|
|
|
Batting: LHB Terry Whitfield
|
0-0: Foul Ball, location: 2F 0-1: Fly out, F8 (Line Drive, 8RD, EV 94.4 MPH)
|
|
Batting: RHB Rennie Stennett
|
0-0: Ground out 6-3 (Groundball, 6, EV 88.8 MPH)
|
|
Batting: LHB Greg Walker
|
0-0: Called Strike 0-1: SOLO HOME RUN (Flyball, 7D, EV 101.3 MPH), Distance : 393 ft
|
|
Batting: SHB Chili Davis
|
0-0: Ball 1-0: Called Strike 1-1: Called Strike 1-2: Foul Ball, location: 2F 1-2: Foul Ball, location: 2F 1-2: Strikes out swinging, 2-3 out at first.
|
| Bottom of the 5th over - 1 run, 1 hit, 0 errors, 0 left on base; St. Louis 1 - Pittsburgh 4 |
| TOP OF THE 6TH |
|
St. Louis Cardinals batting - Pitching for Pittsburgh Pirates : RHP Brian Kingman
|
|
Batting: SHB Otis Nixon
|
0-0: Ball 1-0: Called Strike 1-1: Ground out 6-3 (Groundball, 6M, EV 86.9 MPH)
|
|
Batting: LHB Jim Gantner
|
0-0: Foul Ball, location: 2F 0-1: Swinging Strike 0-2: Foul Ball, location: 2F 0-2: Ball 1-2: Ground out 4-3 (Groundball, 4M, EV 78.1 MPH)
|
|
Batting: RHB Sixto Lezcano
|
0-0: Foul Ball, location: 2F 0-1: Ball 1-1: Foul Ball, location: 2F 1-2: Ball 2-2: Fly out, F9 (Flyball, 9, EV 79.4 MPH)
|
| Top of the 6th over - 0 runs, 0 hits, 0 errors, 0 left on base; St. Louis 1 - Pittsburgh 4 |
| BOTTOM OF THE 6TH |
|
Pittsburgh Pirates batting - Pitching for St. Louis Cardinals : RHP Tom D Brown
|
|
Batting: RHB Mike C Brown
|
0-0: Swinging Strike 0-1: SINGLE (Groundball, 56D, EV 94.4 MPH)
|
|
Batting: RHB William Max
|
0-0: Fly out, F3 (Popup, 3SF, EV 69.4 MPH)
|
|
Batting: SHB Ron Oester
|
0-0: Ball 1-0: Ball 2-0: Grounds into double play, 5-4-3 (Groundball, 56, EV 85.0 MPH)
|
| Bottom of the 6th over - 0 runs, 1 hit, 0 errors, 0 left on base; St. Louis 1 - Pittsburgh 4 |
| TOP OF THE 7TH |
|
St. Louis Cardinals batting - Pitching for Pittsburgh Pirates : RHP Brian Kingman
|
|
Batting: RHB Bob Watson
|
0-0: Called Strike 0-1: SINGLE (Line Drive, 3D, EV 97.5 MPH)
|
|
Batting: RHB Joe Torre
|
0-0: Fly out, F9 (Flyball, 9LM, EV 85.0 MPH)
|
|
Batting: SHB Billy E Smith
|
0-0: Swinging Strike 0-1: Foul Ball, location: 2F 0-2: Ball Passed Ball! Bob Watson to second 1-2: Ball 2-2: Strikes out looking
|
|
Batting: RHB Pascual D'Annunzio
|
0-0: Called Strike 0-1: Called Strike 0-2: Ground out 4-3 (Groundball, 4, EV 86.9 MPH)
|
| Top of the 7th over - 0 runs, 1 hit, 0 errors, 1 left on base; St. Louis 1 - Pittsburgh 4 |
| BOTTOM OF THE 7TH |
|
Pittsburgh Pirates batting - Pitching for St. Louis Cardinals : RHP Tom D Brown
|
|
Pinch Hitting: LHB Craig Barnes
|
0-0: Called Strike 0-1: SINGLE (Groundball, 34D, EV 97.5 MPH)
|
|
Pinch Hitting: LHB Jared Martin
|
0-0: Fly out, F8 (Flyball, 8RM, EV 88.1 MPH)
|
|
Pinch Hitting: LHB Alex Campos
|
0-0: Ball Wild Pitch! Craig Barnes to second 1-0: SINGLE (Line Drive, 34, EV 95.6 MPH) Craig Barnes to third
|
|
Pinch Hitting: LHB Robert Lopez
|
0-0: Called Strike 0-1: Swinging Strike 0-2: Ball 1-2: Ball 2-2: Ground out U3 (Groundball, 3S, EV 70.0 MPH) Alex Campos to second
|
|
Pitching: RHP Luis Garcia
|
|
|
Pinch Hitting: RHB Rafael Santana
|
0-0: Ball 1-0: Called Strike 1-1: Ball 2-1: Called Strike 2-2: SINGLE (Line Drive, 9S, EV 91.9 MPH) Craig Barnes scores Alex Campos to third Runner from 3rd tries for Home, throw by RF and OUT! 9-2
|
| Bottom of the 7th over - 1 run, 3 hits, 0 errors, 1 left on base; St. Louis 1 - Pittsburgh 5 |
| TOP OF THE 8TH |
|
St. Louis Cardinals batting - Pitching for Pittsburgh Pirates : RHP Brian Kingman
|
|
Pitching: RHP Mark Lemongello
|
|
|
Now at 1B: Jim Maler
|
|
|
Now at 2B: Robert Lopez
|
|
|
Now in LF: Dave Bialas
|
|
|
Now in RF: Alex Campos
|
|
|
Batting: LHB Jim Adduci
|
0-0: Called Strike 0-1: SOLO HOME RUN (Flyball, 7D, EV 98.1 MPH), Distance : 392 ft
|
|
Pinch Hitting: LHB Mark Hildebrand
|
0-0: Ball 1-0: Ball 2-0: Ground out 4-3 (Groundball, 4, EV 84.4 MPH)
|
|
Pinch Hitting: SHB Paul Householder
|
0-0: Called Strike 0-1: Ball 1-1: Swinging Strike 1-2: Ball 2-2: Strikes out swinging
|
|
Pinch Hitting: RHB Onix Concepcion
|
0-0: SINGLE (Line Drive, 9LS, EV 110.0 MPH)
|
|
Pinch Hitting: RHB Steve Lubratich
|
0-0: Called Strike 0-1: Ball 1-1: Ball 2-1: Fly out, F9 (Flyball, 89M, EV 90.0 MPH)
|
| Top of the 8th over - 1 run, 2 hits, 0 errors, 1 left on base; St. Louis 2 - Pittsburgh 5 |
| BOTTOM OF THE 8TH |
|
Pittsburgh Pirates batting - Pitching for St. Louis Cardinals : RHP Luis Garcia
|
|
Pitching: RHP Robert Arnold
|
|
|
Now at 2B: Onix Concepcion
|
|
|
Now at 3B: Steve Lubratich
|
|
|
Now in RF: Paul Householder
|
|
|
Batting: SHB Chili Davis
|
0-0: Called Strike 0-1: SINGLE (Groundball, 34D, EV 105.6 MPH)
|
|
Batting: RHB Mike C Brown
|
0-0: Ball 1-0: Called Strike 1-1: Ball Chili Davis steals 2nd base 2-1: Ball 3-1: Swinging Strike 3-2: Foul Ball, location: 2F 3-2: Base on Balls
|
|
Pinch Hitting: RHB Greg Schultz
|
0-0: Ball 1-0: Ball 2-0: Fly out, F8 (Flyball, 8LM, EV 88.8 MPH)
|
|
Batting: SHB Ron Oester
|
0-0: Ball 1-0: Fly out, F6 (Popup, 6M, EV 49.4 MPH)
|
|
Batting: RHB Jim Maler
|
0-0: Called Strike 0-1: Foul Ball, location: 2F 0-2: Ball 1-2: Strikes out looking
|
| Bottom of the 8th over - 0 runs, 1 hit, 0 errors, 2 left on base; St. Louis 2 - Pittsburgh 5 |
| TOP OF THE 9TH |
|
St. Louis Cardinals batting - Pitching for Pittsburgh Pirates : RHP Mark Lemongello
|
|
Now at 3B: Greg Schultz
|
|
|
Pinch Hitting: RHB Craig Stimac
|
0-0: Ball 1-0: Ball 2-0: SINGLE (Groundball, 6MD, EV 97.5 MPH)
|
|
Pinch Hitting: RHB Victor Rios
|
0-0: Ball 1-0: Called Strike 1-1: Fielders Choice at 2nd, 5-4 (Groundball, 5, EV 111.9 MPH)
|
|
Pinch Hitting: RHB Don Ruzek
|
0-0: Foul Ball, location: 2F 0-1: Ball 1-1: Foul Ball, location: 2F 1-2: Strikes out swinging
|
|
Pinch Hitting: RHB Mookie Wilson
|
0-0: Called Strike 0-1: Foul Ball, location: 7LSF, Error on foul ball, E7 0-2: Ball 1-2: Reached on error, E6 (Groundball, 6, EV 87.5 MPH) Victor Rios to second
|
|
Pinch Hitting: LHB Pat Putnam
|
0-0: Ground out 4-3 (Groundball, 4S, EV 80.6 MPH)
|
| Top of the 9th over - 0 runs, 1 hit, 2 errors, 2 left on base; St. Louis 2 - Pittsburgh 5 |
|